 Dungeon Crawl Stone Soup version 0.29-a0-1009-g60c99734e7 (webtiles) character file.

Game seed: 9611012186918790188

66 drpainis the Sneak (level 3, -4/16 HPs)
             Began as a Spriggan Enchanter on Aug 8, 2022.
             Killed by divine providence
             ... invoked by an orc priest
              (11 damage)
             ... on level 3 of the Dungeon.
             The game lasted 00:03:11 (2922 turns).

drpainis the Sneak (Spriggan Enchanter)             Turns: 2922, Time: 00:03:11

Health: -4/16      AC:  2    Str:  4    XL:     3   Next: 96%
Magic:  7/8        EV: 18    Int: 16    God:
Gold:   141        SH:  0    Dex: 17    Spells: 2/7 levels left

rFire   . . .      SeeInvis +   l - +2 dagger (venom)
rCold   . . .      Faith    .   (no shield)
rNeg    . . .      Spirit   .   b - +0 robe
rPois   .          Reflect  .   (helmet restricted)
rElec   .          Harm     .   (no cloak)
rCorr   .          Rampage  .   (gloves unavailable)
Will    .....                   (boots unavailable)
Stlth   +++.......              (no amulet)
HPRegen 0.05/turn               (no ring)
MPRegen 0.11/turn               (no ring)

@: very quick
A: very small, no large weapons, unfitting armour, see invisible, speed 3
a: no special abilities


You were on level 3 of the Dungeon.
You visited 1 branch of the dungeon, and saw 3 of its levels.

You collected 141 gold pieces.

Inventory:

Hand Weapons
 a - a +1 dagger
 l - a +2 dagger of venom (weapon)
Missiles
 m - 5 atropa-tipped darts (quivered)
Armour
 b - a +0 robe (worn)
Jewellery
 d - a +4 ring of evasion
 g - an amulet of faith
Wands
 u - a wand of mindburst (12)
Scrolls
 h - 2 scrolls of enchant armour {unknown}
 i - 2 scrolls of identify {unknown}
 j - a scroll of amnesia {unknown}
 q - a scroll of teleportation {unknown}
 r - a scroll of magic mapping {unknown}
 t - a scroll of noise {unknown}
Potions
 c - 2 potions of invisibility
 e - 2 potions of heal wounds {unknown}
 f - a potion of lignification {unknown}
 k - a potion of brilliance {unknown}
 n - 2 potions of magic {unknown}
 o - a potion of cancellation {unknown}
 p - a potion of resistance {unknown}
 s - a potion of flight {unknown}


   Skills:
 + Level 0.2 Fighting
 + Level 2.5 Short Blades
 + Level 3.1 Dodging
 + Level 5.4 Stealth
 + Level 2.7 Spellcasting
 + Level 4.1 Hexes
 + Level 0.2 Ice Magic


You had 2 spell levels left.
You knew the following spells:

 Your Spells              Type           Power      Damage    Failure   Level
a - Ensorcelled Hibernat  Hex/Ice        18%        N/A       12%         2
b - Confusing Touch       Hex            15%        N/A       11%         3

Your spell library contained the following spells:

 Spells                   Type           Power      Damage    Failure   Level
 Tukima's Dance           Hex            15%        N/A       11%         3
 Dazzling Flash           Conj/Hex       16%        N/A       24%         3


Dungeon Overview and Level Annotations

Branches:
Dungeon (3/15)

Altars:


Innate Abilities, Weirdness & Mutations

You are very small and have problems with some larger weapons.
You are too small for most types of armour.
You have supernaturally acute eyesight. (SInv)
You cover ground extremely quickly. (Speed+++)


Message History

Unknown command.
Magic restored.
Found a ring mail.
An endoplasm comes into view.
You see here a glowing silvery potion.
An endoplasm is nearby!
An endoplasm is nearby!
An endoplasm is nearby!
An orc priest comes into view.
It is wielding a +0 hand axe. 3 orcs come into view. 2 orcs come into view.
The orc shouts! x3; You hear a shout!
An orc comes into view. It is wielding a +0 club.
An orc comes into view. It is wielding a +0 falchion.
The orc shouts! x2
The endoplasm quivers.
You hear a shout!
The orc priest shouts!
You hear a shout!
You see here a glowing silvery potion.
A quokka comes into view.
Casting: Ensorcelled Hibernation (safe; 12% risk of failure)
Confirm with . or Enter, or press ? or * to list all spells.
Aiming: Ensorcelled Hibernation (safe; 12% risk of failure)
Press: ? - help, Shift-Dir - straight line, f - quokka
Aim: a quokka (chance to affect: 61%)
The quokka looks drowsy...
Found a club.
The helpless quokka fails to defend itself.
You impale the quokka!!
You kill the quokka!
You see here a quokka corpse.
The orc priest invokes the aid of Beogh against you.
Beogh smites you!
Ouch! That really hurt!
The orc shouts!
The orc priest looks braver for a moment.
The orc priest calls down the wrath of Beogh upon you.
Beogh smites you!
Ouch! That really hurt!
You die...

#...# ...# #...# ###### ...#
####...###....#######...####
...'...'.'....'.............
####.).###....###<##.####..?
# #...# ###### #.##.# #
#...# #.##.# #
##############+##.# #
#.........@....#### ###
#)......^)........# ...
+.......o.......#.# ###
#......J........#.#
#....##..##.......#
##......oo...#..###
#....†......#.....
#...........#+#######
#.........o.!.......#


You could see an orc priest, an orc and an endoplasm.

Vanquished Creatures
  An adder (D:2)
  2 worms
  2 dart slugs
  An orc (D:3)
  2 ball pythons
  3 endoplasms (D:1)
  4 goblins
  4 hobgoblins
  4 jackals (D:2)
  3 quokkas
  5 bats
  3 frilled lizards (D:2)
  5 kobolds
  A rat (D:2)
40 creatures vanquished.

Vanquished Creatures (others)
  A quokka (D:2)
1 creature vanquished.

Grand Total: 41 creatures vanquished

Notes
Turn   | Place    | Note
-------+----------+-------------------------------------------
     0 | D:1      | drpainis the Spriggan Enchanter began the quest for the
                  | Orb.
     0 | D:1      | Reached XP level 1. HP: 9/9 MP: 5/5
    49 | D:1      | Found a faded altar of an unknown god.
   377 | D:1      | Reached XP level 2. HP: 13/13 MP: 6/6
   934 | D:1      | Reached skill level 5 in Stealth
  1511 | D:2      | Reached XP level 3. HP: 16/16 MP: 8/8
  1661 | D:2      | Learned a level 2 spell: Ensorcelled Hibernation
  1665 | D:2      | Learned a level 3 spell: Confusing Touch
  2922 | D:3      | Killed from afar by an orc priest

Illustrated notes

Levels and vault maps discovered:
D:1:      dpeg_arrival_short_road, layout_loops_ring,
          ebering_ecumenical_altar_petrified
D:2:      layout_rooms, lemuel_flame_loot_1
D:3:      layout_basic, minmay_misc_feat_tower, kennysheep_generic_room_14

Skill      XL: |  1  2  3 |
---------------+----------+-----
Dodging        | 3 |  3.1
Hexes          | 4 |  4.1
Stealth        | 5 |  5.4
Short Blades   | 2 |  2.5
Fighting       | |  0.2
Spellcasting   | |  2.7
Ice Magic      | |  0.2

Action                   || total
-------------------------++-------
Melee: Dagger            ||    90
       Punch             ||     2
 Cast: Ensorcelled Hiber ||     8
 Stab: Sleeping          ||    18
Armor: Robe              ||     3
Dodge: Dodged            ||    56

Table legend: (Time is in decaauts)
 A = Elapsed time spent in this place.
 B = Non-inter-level travel time spent in this place.
 C = Inter-level travel time spent in this place.
 D = Time resting spent in this place.
 E = Time spent auto-exploring this place.
 F = Levels seen in this place.
 G = Mean time per level.
                   A        B        C        D        E       F      G
               +--------+--------+--------+--------+--------+-----+--------+
         Total |   2370 |   2268 |    102 |   1085 |    853 |   3 |  790.0 |
       Dungeon |   2370 |   2268 |    102 |   1085 |    853 |   3 |  790.0 |
               +--------+--------+--------+--------+--------+-----+--------+

Top non-repeatable levels by time:
     D:1: 987 daAuts
     D:2: 925 daAuts
     D:3: 457 daAuts
